 Dungeon Crawl Stone Soup version 0.25.0-9-g26727b657a (webtiles) character file.

Game seed: 1118614178663353325

170 Acheron the Ducker (level 5, -3/32 HPs)
             Began as a Deep Elf Chaos Knight on June 17, 2020.
             Was a Plaything of Xom.
             Slain by a gnoll sergeant
             ... wielding a +0 spear
              (6 damage)
             ... on level 5 of the Dungeon.
             The game lasted 00:12:10 (2840 turns).

Acheron the Ducker (Deep Elf Chaos Knight)          Turns: 2840, Time: 00:12:11

Health: -3/32      AC:  5    Str:  9    XL:     5   Next: 26%
Magic:  9/9        EV: 13    Int: 17    God:    Xom [..*...]
Gold:   73         SH:  0    Dex: 15    Spells: 7/7 levels left

rFire    . . .     SeeInvis .   a - +0 falchion (chaos)
rCold    . . .     Gourm    .   (no shield)
rNeg     . . .     Faith    .   b - +2 leather armour
rPois    .         Spirit   .   (no helmet)
rElec    .         Reflect  .   (no cloak)
rCorr    .         Harm     .   (no gloves)
MR       .....                  (no boots)
Stlth    ++........             (no amulet)
HPRegen  0.10/turn              (no ring)
MPRegen  0.11/turn              (no ring)

@: berserk cooldown, stab, slowed, very slow
A: no striking features
a: Renounce Religion


You were on level 5 of the Dungeon.
You worshipped Xom.
You were a toy of Xom.
You were hungry.

You visited 1 branch of the dungeon, and saw 5 of its levels.

You collected 73 gold pieces.

Inventory:

Hand Weapons
 a - a +0 falchion of chaos (weapon)
 d - a +0 short sword
 i - a +2 short sword of electrocution
Missiles
 h - 48 stones (quivered)
 j - 11 poisoned darts
 m - 19 sling bullets
Armour
 b - a +2 leather armour (worn)
Jewellery
 g - a cursed amulet of inaccuracy {unknown}
Scrolls
 e - 4 scrolls of identify
 f - a scroll of remove curse
Comestibles
 c - 3 rations


   Skills:
 * Level 3.0 Fighting
 + Level 3.2 Long Blades
 * Level 2.1 Armour
 * Level 3.6 Dodging
 * Level 2.0 Stealth
 * Level 1.9 Spellcasting


You had 7 spell levels left.
You didn't know any spells.
Your spell library was empty.

Dungeon Overview and Level Annotations

Branches:
Dungeon (5/15)
 Temple: D:4-7

Altars:

Annotations:
D:1 exclusion: downstairs
D:3 exclusion: downstairs, Terence


Message History

You hit the gnoll sergeant but do no damage.
The gnoll sergeant barely misses you.
The gnoll sergeant hits you but does no damage.
You hit the gnoll sergeant.
The gnoll sergeant is lightly wounded.
The gnoll sergeant barely misses you.
You riposte.
You hit the gnoll sergeant but do no damage.
Space bends around the gnoll sergeant.
The gnoll sergeant is moderately wounded.
The gnoll sergeant blocks your attack.
The gnoll sergeant is moderately wounded.
The gnoll sergeant hits you with a +0 spear.
* * * LOW HITPOINT WARNING * * *
The gnoll sergeant hits you with a +0 spear.
* * * LOW HITPOINT WARNING * * *
You barely miss the gnoll sergeant.
The gnoll sergeant is moderately wounded.
The gnoll sergeant hits you with a +0 spear.
You die...
Xom is highly amused!

#.....# ##.....##
#.....# ##...##
##.....## ##'##
#.......# #รท#
##.....## #.# #..g..#
##.####### #.#.#.#
##.........
#.....#######.....#####
###.###gg@.......##
#.....#######.##
####### ###


You could see a gnoll sergeant and a gnoll.

Vanquished Creatures
  A howler monkey (D:5)
  An iguana (D:5)
  A worker ant (D:4)
  3 gnolls
  An adder (D:4)
  A worm (D:4)
  2 dart slugs
  2 giant cockroaches
  A hobgoblin (D:1)
  9 jackals
  2 ball pythons
  5 bats
  2 frilled lizards
  6 goblins
  2 kobolds (D:1)
  3 rats (D:2)
42 creatures vanquished.

Notes
Turn   | Place    | Note
-------+----------+-------------------------------------------
     0 | D:1      | Acheron the Deep Elf Chaos Knight began the quest for the
                  | Orb.
     0 | D:1      | Reached XP level 1. HP: 13/13 MP: 3/3
    32 | D:1      | XOM: silly message
    97 | D:1      | XOM: divination: detect creatures
   243 | D:1      | Reached XP level 2. HP: 18/18 MP: 4/4
   244 | D:1      | XOM is BORED!
   518 | D:1      | Reached skill level 1 in Armour
   554 | D:1      | Reached skill level 1 in Stealth
   854 | D:2      | Reached XP level 3. HP: 13/22 MP: 6/6
  1070 | D:1      | XOM: silly message
  1340 | D:1      | XOM: butterfly on damage
  1355 | D:1      | Reached skill level 1 in Spellcasting
  1787 | D:3      | Noticed Terence
  1790 | D:4      | Noticed a two-headed ogre
  1793 | D:3      | XOM: potion effect (invisibility)
  1882 | D:4      | XOM: silly message
  1962 | D:4      | Noticed a scorpion
  1977 | D:4      | HP: 1/22 [poisoned by an adder]
  2281 | D:5      | Entered Level 5 of the Dungeon
  2300 | D:5      | Reached XP level 4. HP: 27/27 MP: 6/8
  2306 | D:5      | XOM: silly message
  2312 | D:5      | XOM: potion effect (might)
  2389 | D:5      | Noticed a gnoll sergeant
  2391 | D:5      | XOM: silly message
  2394 | D:5      | Reached XP level 5. HP: 27/32 MP: 9/9
  2420 | D:5      | XOM: divination: magic mapping
  2476 | D:4      | XOM: cloud trail
  2589 | D:4      | XOM: 1-stop teleportation journey
  2633 | D:4      | XOM: divination: detect creatures
  2727 | D:4      | Noticed a sky beast
  2730 | D:4      | XOM: silly message
  2773 | D:4      | XOM: silly message
  2803 | D:5      | XOM: potion effect (heal wounds)
  2824 | D:5      | XOM: potion effect (berserk rage)
  2840 | D:5      | Slain by a gnoll sergeant

Illustrated notes

Levels and vault maps discovered:
D:1:      tarquinn_simple_flora_water_d, layout_loops_ring
D:2:      layout_basic, chequers_ecumenical_altar_island
D:3:      layout_rooms, lemuel_doored_altar, ebering_ghost_inner_flame,
          uniq_natasha, uniq_crazy_yiuf_cottage, uniq_terence
D:4:      layout_basic, nemelex_xobeh_ov_fountains_minmay
D:5:      layout_loops_corners, kennysheep_mini, first_ration,
          patterned_corridor, uniq_grinder

Skill      XL: |  1  2  3  4  5 |
---------------+----------------+-----
Armour         | 1 2 |  2.1
Stealth        | 1 2 |  2.0
Long Blades    | 3 |  3.2
Spellcasting   | 1 |  1.9
Dodging        | 3 |  3.6
Fighting       | 3 |  3.0

Action                   |  1- 3 |  4- 6 || total
-------------------------+-------+-------++-------
Melee: Falchion          |   106 |     4 ||   110
       Short sword       |     5 |    22 ||    27
Throw: Stone             |     4 |       ||     4
  Use: Scroll            |     5 |       ||     5
       Potion            |       |     1 ||     1
 Stab: Sleeping          |     3 |     1 ||     4
       Paralysed         |     1 |       ||     1
  Eat: Chunk             |     2 |       ||     2
       Ration            |     1 |       ||     1
Armor: Leather armour    |    43 |     8 ||    51
Dodge: Dodged            |    90 |    14 ||   104
       Rpst.: Falchion   |    21 |     1 ||    22
